 Dungeon Crawl Stone Soup version 0.20.0-15-g7f486f2 (webtiles) character file.

225 Esekla the Cutter (level 6, 0/34 HPs)
             Began as a Tengu Enchanter on June 10, 2017.
             Killed from afar by an orc wizard (8 damage)
             ... with a puff of flame
             ... on level 5 of the Dungeon.
             The game lasted 00:27:23 (2112 turns).

Esekla the Cutter (Tengu Enchanter)                 Turns: 2112, Time: 00:27:23

Health: 0/34       AC:  2    Str:  8    XL:     6   Next: 1%
Magic:  2/10       EV: 14    Int: 17    God:
Gold:   155        SH:  0    Dex: 15    Spells: 2/9 levels left

rFire    . . .     SeeInvis .   l - +1 dagger (venom)
rCold    . . .     Gourm    .   (no shield)
rNeg     . . .     Faith    .   b - +0 robe
rPois    .         Spirit   .   (helmet restricted)
rElec    .         Reflect  .   (no cloak)
rCorr    .         Harm     .   (no gloves)
MR       .....                  (boots unavailable)
Stlth    ++........             h - amulet of regeneration
Regen    0.6/turn               (no ring)
MPRegen  0.2/turn               (no ring)

@: very slightly contaminated
A: beak, talons 3, able to fly 1
a: Fly


You were on level 5 of the Dungeon.
You were not hungry.

You visited 1 branch of the dungeon, and saw 5 of its levels.

You collected 155 gold pieces.

Inventory:

Hand Weapons
 l - a +1 dagger of venom (weapon)
Missiles
 m - 52 stones (quivered)
Armour
 b - a +0 robe (worn)
Jewellery
 a - an uncursed amulet of magic regeneration {unknown}
 h - an amulet of regeneration (around neck)
Scrolls
 e - a scroll of fog {unknown}
 g - a scroll of noise {unknown}
 i - a scroll of identify {unknown}
 k - a scroll of amnesia {unknown}
 n - a scroll of enchant weapon {unknown}
 p - a scroll of random uselessness {unknown}
 r - 3 scrolls of teleportation {unknown}
 s - a scroll of remove curse {unknown}
 u - a scroll of blinking {unknown}
 v - a scroll of immolation {unknown}
Potions
 f - 2 potions of mutation {unknown}
 j - 3 potions of degeneration {unknown}
 q - 2 potions of curing {unknown}
 t - 2 potions of lignification {unknown}
Books
 c - a book of Maledictions

   Spells                             Type                      Level
   a - Corona                         Hexes                        1
   b - Ensorcelled Hibernation        Hexes/Ice                    2
   c - Confuse                        Hexes                        3
   d - Tukima's Dance                 Hexes                        3
   e - Dazzling Spray                 Conjuration/Hexes            3
Comestibles
 d - 4 bread rations
 o - 2 meat rations


   Skills:
 - Level 1.2 Fighting
 + Level 3.5 Short Blades
 + Level 3.4 Dodging
 - Level 3.0 Stealth
 + Level 2.2 Spellcasting
 * Level 3.2 Conjurations
 + Level 2.7 Hexes


You had 2 spell levels left.
You knew the following spells:

 Your Spells              Type           Power        Failure   Level  Hunger
a - Corona                Hex            ##.....      6%          1    #......
b - Dazzling Spray        Conj/Hex       ##....       17%         3    ###....
c - Confuse               Hex            ##......     19%         3    ###....


Dungeon Overview and Level Annotations

Branches:
Dungeon (5/15)
 Temple: D:4-7

Altars:
Makhleb


Innate Abilities, Weirdness & Mutations

You have a beak for a mouth.
You have claws for feet.
You can fly.


Message History

You feel clever. Something hits you but does no damage.
Something hits you but does no damage.
There is a stone staircase leading down here.
Something hits you.
* * * LOW HITPOINT WARNING * * *
Something hits you but does no damage.
You climb downwards.
Found an escape hatch in the floor.
There is a stone staircase leading up here.
You barely miss something. Something barely misses you.
You barely miss something. You claw something. You peck something.
You hear some strange, mumbled words.
A puff of flame appears from out of thin air!
The puff of flame misses you.
You miss something.
You hear some strange, mumbled words.
A puff of flame appears from out of thin air!
The puff of flame hits you!
You die...

#########
#@{......
#........
#........
#........
#........
#........
#.......>
#########


There were no monsters in sight!

Vanquished Creatures
  An orc wizard (D:4)
  Jessica (D:3)
  2 worker ants (D:4)
  2 gnolls (D:4)
  2 adders (D:2)
  A shadow imp (D:4)
  An ooze (D:2)
  A worm (D:2)
  3 leopard geckos
  2 orcs
  A ball python (D:1)
  2 giant cockroaches
  10 goblins
  6 hobgoblins
  6 jackals
  7 kobolds
  2 quokkas
  9 bats
  3 frilled lizards
  5 rats
67 creatures vanquished.

Notes
Turn   | Place    | Note
-------+----------+-------------------------------------------
     0 | D:1      | Esekla the Tengu Enchanter began the quest for the Orb.
     0 | D:1      | Reached XP level 1. HP: 10/10 MP: 4/4
   175 | D:1      | Reached XP level 2. HP: 16/16 MP: 6/6
   280 | D:1      | Reached skill level 1 in Fighting
   507 | D:1      | Reached XP level 3. HP: 20/20 MP: 7/7
   704 | D:1      | Learned a level 3 spell: Dazzling Spray
   805 | D:2      | Reached skill level 1 in Conjurations
   977 | D:2      | Found a burning altar of Makhleb.
   985 | D:2      | Reached XP level 4. HP: 25/25 MP: 8/8
  1607 | D:3      | Noticed Jessica
  1847 | D:3      | Killed Jessica
  1979 | D:4      | Gained mutation: You can fly. [Tengu growth]
  1979 | D:4      | Reached XP level 5. HP: 27/29 MP: 9/9
  2048 | D:4      | Learned a level 3 spell: Confuse
  2076 | D:4      | Noticed an ogre
  2096 | D:4      | HP: 1/29 [worker ant (1)]
  2101 | D:4      | Reached XP level 6. HP: 5/34 MP: 1/10
  2109 | D:5      | Entered Level 5 of the Dungeon
  2112 | D:5      | Killed from afar by an orc wizard

Skill      XL: |  1  2  3  4  5 |
---------------+----------------+-----
Fighting       | 1 |  1.2
Conjurations   | 1 2 3 |  3.2
Short Blades   | 2 3 |  3.5
Dodging        | 3 |  3.4
Stealth        | |  3.0
Spellcasting   | |  2.2
Hexes          | |  2.7

Action                   |  1- 3 |  4- 6 || total
-------------------------+-------+-------++-------
Melee: Dagger            |   100 |   111 ||   211
       Kick              |    16 |    19 ||    35
       Peck              |    12 |    12 ||    24
Throw: Stone             |    13 |    16 ||    29
 Cast: Corona            |     2 |       ||     2
       Dazzling Spray    |       |     1 ||     1
 Stab: Sleeping          |     3 |     9 ||    12
  Eat: Fruit             |       |     3 ||     3
       Royal jelly       |       |     1 ||     1
Armor: Robe              |    12 |     9 ||    21
Dodge: Dodged            |    64 |    56 ||   120
